 Dungeon Crawl Stone Soup version 0.27.1-33-g824d729ab1 (webtiles) character file.

Game seed: 10717639236052315636

728 H0rd4k the Charlatan (level 8, -5/58 HPs)
             Began as a Human Artificer on Dec 20, 2021.
             Was an Initiate of Gozag.
             Slain by a troll (8 damage)
             ... on level 5 of the Dungeon.
             The game lasted 00:07:53 (7926 turns).

H0rd4k the Charlatan (Human Artificer)              Turns: 7926, Time: 00:07:55

Health: -5/58      AC:  4    Str: 20    XL:     8   Next: 3%
Magic:  17/17      EV: 13    Int: 13    God:    Gozag
Gold:   458        SH:  0    Dex: 13    Spells: 7/7 levels left

rFire    . . .     SeeInvis .   j - +0 dagger (venom)
rCold    . . .     Faith    .   (no shield)
rNeg     . . .     Spirit   .   b - +0 leather armour
rPois    .         Reflect  .   (no helmet)
rElec    .         Harm     .   h - +0 cloak
rCorr    .         Rampage  .   (no gloves)
Will     .....                  (no boots)
Stlth    +.........             (no amulet)
HPRegen  0.19/turn              o - +6 ring of strength
MPRegen  0.15/turn              m - ring of magical power

@: no status effects
A: no striking features
a: Renounce Religion, Potion Petition, Call Merchant, Bribe Branch


You were on level 5 of the Dungeon.
You worshipped Gozag.
Gozag was aware of your devotion.
You visited 2 branches of the dungeon, and saw 7 of its levels.

You collected 513 gold pieces.
You paid 55 gold pieces to Gozag.

Inventory:

Hand Weapons
 j - a +0 dagger of venom (weapon)
 q - a +0 falchion of holy wrath
Missiles
 f - 22 poisoned darts
 y - a throwing net
Armour
 b - a +0 leather armour (worn)
 h - a +0 cloak (worn)
Magical Staves
 k - a staff of fire
Jewellery
 m - a ring of magical power (right hand)
 o - a +6 ring of strength (left hand)
 t - a ring of resist corrosion
 x - a ring of willpower
Wands
 c - a wand of flame (11) (quivered)
 d - a wand of charming (4)
Scrolls
 l - 4 scrolls of identify {unknown}
 r - a scroll of magic mapping {unknown}
 s - a scroll of immolation {unknown}
 u - a scroll of silence {unknown}
 w - a scroll of fear {unknown}
 z - a scroll of fog {unknown}
Potions
 a - 2 potions of ambrosia {unknown}
 g - 2 potions of lignification {unknown}
 i - a potion of curing
 n - a potion of haste
 p - a potion of attraction {unknown}
 v - 2 potions of degeneration {unknown}
 A - a potion of heal wounds {unknown}
Miscellaneous
 e - a piece from Xom's chessboard (15/15)


   Skills:
 + Level 3.3 Fighting
 + Level 4.8 Short Blades
 - Level 2.0 Armour
 + Level 4.0 Dodging
 - Level 1.0 Stealth
 + Level 4.9 Evocations


You had 7 spell levels left.
You didn't know any spells.
Your spell library contained the following spells:

 Spells                   Type           Power      Damage    Failure   Level
 Corona                   Hex            0%         N/A       34%         1
 Summon Small Mammal      Summ           0%         N/A       34%         1
 Ensorcelled Hibernation  Hex/Ice        0%         N/A       47%         2
 Call Canine Familiar     Summ           0%         N/A       71%         3
 Summon Guardian Golem    Hex/Summ       0%         N/A       71%         3
 Tukima's Dance           Hex            0%         N/A       71%         3


Dungeon Overview and Level Annotations

Branches:
Dungeon (6/15)             Temple (1/1) D:4

Altars:
Ashenzari
Cheibriados
Dithmenos
Elyvilon
Fedhas
Gozag
Hepliaklqana
Kikubaaqudgha
Makhleb
Nemelex Xobeh
Okawaru
Qazlal
Ru
Sif Muna
Trog
Uskayaw
Vehumet
Wu Jian
Xom
Yredelemnul
Zin
The Shining One

Annotations:
D:5 5 runed translucent doors, exclusion: 3 doors


Message History

You see here a +0 club.
What are your orders? t - Shout!
Orders for allies: a - Attack new target. p - Attack previous target. r - Retreat! s - Stop attacking. g - Guard the area. f - Follow me.
Anything else - Cancel.
Guard this area!
The troll bites your phantom! The troll barely misses your phantom.
The troll closely misses your phantom.
Your phantom hits the troll.
Your phantom blinks!
The troll blinks!
The troll misses you. The troll claws you.
The troll claws you but does no damage.
Your phantom hits the troll. The troll bites you but does no damage.
The troll claws you.
* * * LOW HITPOINT WARNING * * *
The troll claws you!
* * * LOW HITPOINT WARNING * * *
Things that are here:
a +0 leather armour; a +0 dagger Your phantom hits the troll!
Your phantom blinks!
The troll blinks!
You see here a +0 dagger.
Things that are here:
a +0 scale mail; a +0 short sword
There is a stone staircase leading down here.
You climb downwards.
The killer bee zombie hits you but does no damage.
Found a ring mail.
Found a stone staircase leading up.
There is a stone staircase leading up here.
The killer bee zombie hits you.
* * * LOW HITPOINT WARNING * * *
The killer bee zombie hits you.
* * * LOW HITPOINT WARNING * * *
You climb upwards.
Level annotation: 5 runed translucent doors, exclusion: 3 doors The troll bites you!
You die...
Your body crumbles into a pile of gold.

.#/#....#........#
S#$#s...#........#
S+++ssss#........#
s#.#sss##........#
s#.#s###.........# #
##.###...........# #
................## #
................## #
................@#
................T## #####
..............<...# ####...##
....####..........### ###.......#
......##..#####...[.###..W.......
......###..# #####)[T...........
.......##..# #####.........)
#......##..# ##.........
#.....>###.## #.........


You could see a troll.

Vanquished Creatures
  Edmund (D:4)
  An orc warrior (D:4)
  2 hounds
  Natasha (thrice) (D:3)
  2 hound skeletons (D:5)
  Robin (D:2)
  5 adders
  A gnoll (D:5)
  An ufetubus (D:4)
  2 worms
  2 dart slugs
  12 orcs
  3 bats
  11 endoplasms
  5 giant cockroaches
  7 goblins
  12 hobgoblins
  8 jackals
  14 kobolds
  2 quokkas (D:4)
  9 ball pythons
  3 frilled lizards
  5 rats
112 creatures vanquished.

Vanquished Creatures (collateral kills)
  An ogre (D:4)
  A phantom (D:5)
  An orc wizard (D:4)
  3 gnolls (D:5)
  A giant cockroach (D:4)
  A goblin (D:4)
  2 hobgoblins (D:2)
10 creatures vanquished.

Vanquished Creatures (others)
  An orc wizard (D:3)
  An orc (D:3)
  A hobgoblin (D:2)
  8 plants (D:4)
11 creatures vanquished.

Grand Total: 133 creatures vanquished

Notes
Turn   | Place    | Note
-------+----------+-------------------------------------------
     0 | D:1      | H0rd4k the Human Artificer began the quest for the Orb.
     0 | D:1      | Reached XP level 1. HP: 15/15 MP: 1/1
   421 | D:1      | Reached XP level 2. HP: 21/21 MP: 2/2
   788 | D:1      | Found a faded altar of an unknown god.
   984 | D:1      | Reached XP level 3. HP: 26/26 MP: 3/3
  2258 | D:2      | Reached skill level 1 in Short Blades
  2396 | D:2      | Reached XP level 4. HP: 32/32 MP: 4/4
  2788 | D:2      | Noticed Robin
  2848 | D:2      | Killed Robin
  3314 | D:3      | Noticed Natasha
  3325 | D:3      | Killed Natasha
  3326 | D:3      | Reached XP level 5. HP: 29/38 MP: 5/5
  3420 | D:3      | Found a white marble altar of Elyvilon.
  4176 | D:3      | Noticed Natasha
  4189 | D:3      | Killed Natasha
  4359 | D:3      | Noticed Natasha
  4373 | D:3      | Killed Natasha
  4374 | D:3      | Reached XP level 6. HP: 10/44 MP: 6/6
  5156 | D:4      | Found a staircase to the Ecumenical Temple.
  5175 | Temple   | Entered the Ecumenical Temple
  5287 | Temple   | Became a worshipper of Gozag Ym Sagoz the Greedy
  5531 | D:4      | Noticed Edmund
  5552 | D:4      | Killed an ogre
  5579 | D:4      | Killed Edmund
  5580 | D:4      | Reached XP level 7. HP: 16/51 MP: 7/7
  6485 | D:5      | Entered Level 5 of the Dungeon
  6959 | D:5      | Noticed a troll
  6960 | D:5      | Found a runed translucent door.
  6961 | D:5      | Noticed a redback
  6961 | D:5      | Noticed a redback
  6961 | D:5      | Noticed a redback
  6961 | D:5      | Noticed a redback
  6963 | D:5      | Noticed a redback
  7037 | D:5      | Found a runed translucent gate.
  7107 | D:5      | Noticed a redback
  7108 | D:5      | Found a runed translucent gate.
  7108 | D:5      | Found a runed translucent gate.
  7110 | D:5      | Noticed a water moccasin
  7110 | D:5      | Noticed a redback
  7110 | D:5      | Noticed a redback
  7118 | D:5      | Found a runed translucent door.
  7189 | D:5      | Found the +9 staff of Olgreb {rPois∞}
  7773 | D:6      | Reached XP level 8. HP: 58/58 MP: 8/8
  7925 | D:6      | HP: 2/58 [killer bee zombie (2)]
  7926 | D:5      | Slain by a troll

Illustrated notes

Levels and vault maps discovered:
D:1:      nicolae_arrival_memento_mori, layout_loops_ring,
          ebering_ecumenical_altar_mist, chequers_serial_rivers_micro_c
D:2:      layout_basic, uniq_robin
D:3:      layout_basic, lemuel_tele_altar, uniq_natasha
D:4:      layout_loops_ring, minmay_temple_entry_gardened_gates, uniq_edmund
D:5:      layout_cave_pods, minmay_guarded_unrand_staff_of_olgreb
D:6:      layout_rooms, kennysheep_cross_room, nrook_loot_triangle
Temple:   kilobyte_greek_temple

Skill      XL: |  1  2  3  4  5  6  7  8 |
---------------+-------------------------+-----
Evocations     | 4 |  4.9
Short Blades   | 1 2 3 4 |  4.8
Dodging        | 2 3 4 |  4.0
Fighting       | 2 3 |  3.3
Armour         | |  2.0
Stealth        | |  1.0

Action                   |  1- 3 |  4- 6 |  7- 9 || total
-------------------------+-------+-------+-------++-------
Melee: Club              |    15 |       |       ||    15
       Short sword       |   137 |       |       ||   137
       Dagger            |     1 |   221 |   115 ||   337
Evoke: Wand              |     6 |    13 |     3 ||    22
       Piece from Xom's  |       |     4 |       ||     4
 Stab: Sleeping          |     4 |     2 |     1 ||     7
       Petrified         |       |     6 |       ||     6
Armor: Leather armour    |    54 |    45 |    28 ||   127
Dodge: Dodged            |   110 |   102 |    64 ||   276
